 Dungeon Sprint DCSS version 0.29-a0-757-g358383bc75 (webtiles) character file.

Game seed: 14110881175565627511

1269 Hipnos the Cleaver (level 8, -14/85 HPs)
             Began as a Hill Orc Cinder Acolyte on June 30, 2022.
             Was an Elder of Ignis.
             Demolished by a red devil
             ... wielding a +0 trident
             ... summoned by an obsidian statue
              (22 damage)
             ... in the Dungeon (Sprint II: "The Violet Keep of Menkaure").
             The game lasted 00:05:12 (966 turns).

Hipnos the Cleaver (Hill Orc Cinder Acolyte)         Turns: 966, Time: 00:05:15

Health: -14/85     AC:  2    Str: 17      XL:     8   Next: 53%
Magic:  10/10      EV: 11    Int: 15 (16) God:    Ignis [****..]
Gold:   34         SH:  0    Dex:  4      Spells: 3/10 levels left

rFire   + . .      SeeInvis .   a - -1 hand axe (flame)
rCold   . . .      Faith    .   (no shield)
rNeg    . . .      Spirit   .   b - +0 robe
rPois   .          Reflect  .   (no helmet)
rElec   .          Harm     .   (no cloak)
rCorr   .          Rampage  .   (no gloves)
Will    .....      Rage     3%  (no boots)
Stlth   +......... NoTele   +   (no amulet)
HPRegen 0.24/turn               (no ring)
MPRegen 0.12/turn               (no ring)

@: very slow
A: berserk 1, clumsy 1, subdued magic 1
a: Renounce Religion, Fiery Armour, Foxfire Swarm, Rising Flame


You were in the Dungeon.
You worshipped Ignis.
Ignis was greatly pleased with you.
You visited 1 branch You collected 736 gold pieces.
You spent 702 gold pieces at shops.

Inventory:

Hand Weapons
 a - a -1 hand axe of flaming (weapon)
Armour
 b - a +0 robe (worn)
Scrolls
 h - a scroll of blinking
Potions
 e - a potion of haste
 f - 2 potions of magic


   Skills:
 + Level 12.5 Fighting
 + Level 14.1 Axes
 + Level 2.5 Dodging
 + Level 1.1 Stealth
 + Level 1.8 Spellcasting
 * Level 1.5 Conjurations
 * Level 11.6 Fire Magic


You had 3 spell levels left.
You knew the following spells:

 Your Spells              Type           Power      Damage    Failure   Level
a - Scorch                Fire           54%        2d7       1%          2
b - Fireball              Conj/Fire      8%         3d6       34%         5

Your spell library contained the following spells:

 Spells                   Type           Power      Damage    Failure   Level
 Iskenderun's Battlesphe  Conj           4%         2d6       97%         5
 Conjure Ball Lightning   Conj/Air       1%         3x3d6     100%        6
 Orb of Destruction       Conj           2%         9d5       100%        7


Dungeon Overview and Level Annotations

Branches:
Dungeon (1/1)

Altars:
Elyvilon
Fedhas
Gozag
Makhleb

Shops:
D =*:[!([(=:(![?*

Annotations:
D exclusion: oklob plant, Roxanne


Innate Abilities, Weirdness & Mutations

You sometimes lose your temper in combat.
You are clumsy. (Dex -2)
Your spells are a little easier to cast, but a little less powerful.


Message History

Your unstable footing causes you to fumble your attack.
You feel sick. The ynoxinul barely misses you.
Unknown command.
You cannot move away from the obsidian statue!
You slash the ynoxinul! You burn the ynoxinul.
The ynoxinul is heavily wounded.
You feel sick. The white imp gestures at you. The puff of frost hits you.
You cannot move away from the obsidian statue!
You slash the ynoxinul! You burn the ynoxinul.
The ynoxinul is severely wounded.
You feel sick. The ynoxinul hits you!
* * * LOW HITPOINT WARNING * * *
You cannot move away from the obsidian statue!
You slash the ynoxinul! You burn the ynoxinul.
You kill the ynoxinul!
The ynoxinul disappears in a puff of smoke!
The ufetubus disappears in a puff of smoke! x2
You break out of your daze.
You feel sick.
The obsidian statue's eyes glow briefly.
The white imp gestures at you. The puff of frost hits you!
* * * LOW HITPOINT WARNING * * *
You feel sick. The neqoxec gestures at you.
Something tries to feed on your intellect!
The obsidian statue's eyes glow briefly.
You feel sick. The neqoxec gestures at you.
Strange energies course through your body.
The white imp grins evilly.
You feel sick.
You are no longer poisoned.
The neqoxec gestures at you.
You feel dopey. Something feeds on your intellect!
The red devil hits you from afar with a +0 trident!!
You die...

##∩.....∩.#≈≈≈≈#.##..#....#
##.∩.∩.∩.∩#≈≈####.######..##
##..∩.∩.∩.#≈##.###'###.##..#
##...∩.∩..#≈#...##.##.).#..#
##....⌠...'≈'.##'w<.'.#.+..###
##........#≈#...##.##...#....#
#▓▓▓▓▓▓▓###≈##.###'###.##..§..
##$Yh######≈≈####w#.####≈≈....
#?YY#S ##≈@≈#.##..#≈≈≈≈≈≈≈.
#∩P[+S #'#≈###$.##≈≈≈≈≈≈≈≈
#[$. = #.#4≈##'##≈≈≈§≈≈≈§≈
#?.$ ####535§≈≈≈≈§≈≈§≈§≈ ##+
#☼○§#§○'#≈§≈≈≈§≈
#§○○°○§≈##≈§≈###
#°°°○○§°≈§##≈≈# +○°°°°8≈§≈§≈+
≈# ##°≈°≈≈○°≈§## ≈§


You could see an obsidian statue, a neqoxec (summoned), a red devil (summoned)
and 2 white imps.

Vanquished Creatures
  A merfolk siren (D)
  4 neqoxecs (D)
  Menkaure (D)
  4 necrophages (D)
  A scorpion (D)
  2 worms (D)
13 creatures vanquished.

Vanquished Creatures (others)
  A water moccasin (D)
  A worm (D)
2 creatures vanquished.

Grand Total: 15 creatures vanquished

Notes
Turn   | Place    | Note
-------+----------+-------------------------------------------
     0 | D        | Hipnos the Hill Orc Cinder Acolyte began the quest for the
                  | Orb.
     0 | D        | Reached XP level 1. HP: 19/19 MP: 2/2
     1 | D        | Noticed a necrophage
     1 | D        | Noticed a necrophage
     1 | D        | Noticed a necrophage
     1 | D        | Noticed a necrophage
    13 | D        | Killed a necrophage
    14 | D        | Reached skill level 6 in Axes
    14 | D        | Reached skill level 5 in Fire Magic
    14 | D        | Reached XP level 2. HP: 30/30 MP: 3/3
    14 | D        | Reached XP level 3. HP: 37/37 MP: 4/4
    14 | D        | Reached XP level 4. HP: 44/44 MP: 5/5
    15 | D        | Killed a necrophage
    16 | D        | Reached skill level 8 in Axes
    16 | D        | Reached XP level 5. HP: 52/52 MP: 6/6
    21 | D        | Reached skill level 9 in Axes
    22 | D        | Reached skill level 10 in Axes
    22 | D        | Reached skill level 1 in Dodging
    22 | D        | Reached XP level 6. HP: 63/63 MP: 7/7
    57 | D        | Noticed a merfolk siren
    74 | D        | Killed a merfolk siren
    75 | D        | Reached skill level 12 in Axes
    75 | D        | Reached skill level 10 in Fire Magic
    75 | D        | Reached XP level 7. HP: 46/74 MP: 7/9
   235 | D        | Noticed a neqoxec
   251 | D        | Killed a neqoxec
   254 | D        | Noticed a neqoxec
   254 | D        | Noticed a neqoxec
   254 | D        | Noticed a neqoxec
   267 | D        | Killed a neqoxec
   268 | D        | Reached skill level 13 in Axes
   273 | D        | Gained mutation: You sometimes lose your temper in combat.
                  | [a neqoxec]
   283 | D        | Gained mutation: You are clumsy. (Dex -2) [a neqoxec]
   284 | D        | Killed a neqoxec
   285 | D        | Reached XP level 8. HP: 44/83 MP: 10/10
   287 | D        | Gained mutation: Your spells are a little easier to cast,
                  | but a little less powerful. [a neqoxec]
   295 | D        | Noticed Roxanne
   603 | D        | Found Awya's Weapon Shop.
   603 | D        | Found Lyugeny's Antique Armour Shop.
   603 | D        | Found Vyukuil's Jewellery Boutique.
   603 | D        | Found Haocen's Assorted Antiques.
   603 | D        | Found Pigof's Book Boutique.
   603 | D        | Found Fyeczimp's Distillery.
   604 | D        | Found Miemm's Antique Weapon Boutique.
   604 | D        | Found Wocwurur's Armour Shop.
   604 | D        | Found Asifog's Magic Scroll Boutique.
   605 | D        | Found Bejygarph's Weapon Shop.
   605 | D        | Noticed a yak
   606 | D        | Noticed a yak
   607 | D        | Found Geosukk's Distillery.
   607 | D        | Found Egieps's Antique Armour Shop.
   607 | D        | Noticed Menkaure
   607 | D        | Noticed an oklob plant
   607 | D        | Noticed a polar bear
   607 | D        | Noticed a yak
   608 | D        | Found Koyd's Assorted Antiques.
   608 | D        | Found Moxaiv's Book Shoppe.
   608 | D        | Found Logos's Jewellery Boutique.
   608 | D        | Noticed a polar bear
   617 | D        | Bought a book of the Spheres for 702 gold pieces
   620 | D        | Learned a level 2 spell: Scorch
   626 | D        | Learned a level 5 spell: Fireball
   635 | D        | Killed Menkaure
   636 | D        | Reached skill level 14 in Axes
   636 | D        | Reached skill level 1 in Stealth
   636 | D        | Reached skill level 1 in Conjurations
   703 | D        | Found a blossoming altar of Fedhas.
   703 | D        | Found an opulent altar of Gozag.
   704 | D        | Found a white marble altar of Elyvilon.
   704 | D        | Found a burning altar of Makhleb.
   713 | D        | Noticed an obsidian statue
   715 | D        | Noticed a smoke demon
   956 | D        | Noticed a ynoxinul
   958 | D        | Noticed a red devil
   966 | D        | Demolished by a red devil

Illustrated notes

Levels and vault maps discovered:
D:        the_violet_keep_of_menkaure [sprint2_stairs_cluster_1,
          sprint2_shoproom, sprint2_temple, sprint2_basic_supplies,
          sprint2_obstacle_3, sprint2_obstacle_2, sprint2_obstacle_6,
          sprint2_obstacle_7, sprint2_obstacle_5, sprint2_timed_cluster_1,
          sprint2_smallroom_cluster_1, sprint2_smallroom_final_cluster_1,
          sprint2_transparent_cluster_1, sprint2_second_timed_cluster_1,
          sprint2_sniper_area_1, sprint2_heavy_combat_area_1,
          sprint2_mutation_trap_area_1, sprint2_forest_area_1,
          sprint2_light_combat_area_1, sprint2_behind_water_1,
          sprint2_near_end_vault_1]

Skill      XL: |  1  2  3  4  5  6  7  8 |
---------------+-------------------------+-----
Fighting       | 6 7 9 11 12 | 12.5
Axes           | 6 8 10 12 13 14 | 14.1
Fire Magic     | 5 6 8 10 11 | 11.6
Dodging        | 1 2 |  2.5
Stealth        | 1 |  1.1
Conjurations   | 1 |  1.5
Spellcasting   | |  1.8

Action                   |  1- 3 |  4- 6 |  7- 9 || total
-------------------------+-------+-------+-------++-------
Melee: Hand axe          |    10 |    21 |    63 ||    94
       Punch             |       |       |     1 ||     1
 Cast: Scorch            |       |       |     8 ||     8
Invok: Fiery Armour      |     1 |     1 |     2 ||     4
  Use: Potion            |     1 |       |     2 ||     3
Armor: Robe              |     2 |     3 |    16 ||    21
Dodge: Dodged            |     6 |     2 |    25 ||    33

Table legend: (Time is in decaauts)
 A = Elapsed time spent in this place.
 B = Non-inter-level travel time spent in this place.
 C = Inter-level travel time spent in this place.
 D = Time resting spent in this place.
 E = Time spent auto-exploring this place.
 F = Levels seen in this place.
 G = Mean time per level.
                   A        B        C        D        E       F      G
               +--------+--------+--------+--------+--------+-----+--------+
         Total |    968 |    968 |      0 |    680 |      0 |   1 |  968.0 |
       Dungeon |    968 |    968 |      0 |    680 |      0 |   1 |  968.0 |
               +--------+--------+--------+--------+--------+-----+--------+

Top non-repeatable levels by time:
       D: 968 daAuts
